 Dungeon Crawl Stone Soup version 0.19-a0-821-gf489216 (webtiles) character file.

102 Gruud the Grave Robber (level 4, -1/30 HPs)
             Began as a Demonspawn Necromancer on June 29, 2016.
             Slain by Crazy Yiuf
             ... wielding a +3 quarterstaff of chaos
              (7 damage)
             ... while paralysed by Crazy Yiuf
             ... on level 2 of the Dungeon.
             The game lasted 00:05:51 (1425 turns).

Gruud the Grave Robber (Demonspawn Necromancer)     Turns: 1425, Time: 00:05:51

Health: -1/30      AC:  2    Str:  9    XL:     4   Next: 49%
Magic:  1/8        EV:  2    Int: 17    God:
Gold:   102        SH:  0    Dex: 15    Spells: 3 memorised, 4 levels left

rFire  . . .     SeeInvis .     a - -1 spear (curse)
rCold  . . .     Gourm    .     h - +0 robe
rNeg   . . .     Faith    .     (no shield)
rPois  .         Spirit   .     (no helmet)
rElec  .         Dismiss  .     (no cloak)
rCorr  .         Reflect  .     (no gloves)
SustAt .         Harm     .     (no boots)
MR     .....                    (no amulet)
Stlth  ++++......               (no ring)
                                e - +2 ring of dexterity

@: paralysed, not resistant to hostile enchantments, stealthy
A: nightstalker 2
a: no special abilities


You were on level 2 of the Dungeon.
You were not hungry.

You visited 1 branch of the dungeon, and saw 2 of its levels.

You collected 102 gold pieces.

Inventory:

Hand Weapons
 a - a cursed -1 spear (weapon)
 l - a +0 dagger
Missiles
 n - 9 poisoned needles
Armour
 h - a +0 robe (worn)
Jewellery
 e - a +2 ring of dexterity (left hand)
Scrolls
 g - 2 scrolls of recharging
Potions
 f - a potion of haste
 i - 4 potions of invisibility
 j - a potion of might {unknown}
 m - a potion of agility {unknown}
Books
 b - a book of Necromancy

   Spells                             Type                      Level
   a - Pain                           Necromancy                   1
   b - Animate Skeleton               Necromancy                   1
   c - Vampiric Draining              Necromancy                   3
   d - Regeneration                   Charms/Necromancy            3
   e - Animate Dead                   Necromancy                   4
   f - Control Undead                 Necromancy                   4
Comestibles
 c - 3 bread rations
 d - 5 chunks of flesh
 k - a beef jerky
 o - a meat ration


   Skills:
 - Level 1.7 Dodging
 - Level 1.7 Stealth
 + Level 3.1 Spellcasting
 * Level 5.8 Necromancy


You had 4 spell levels left.
You knew the following spells:

 Your Spells              Type           Power        Failure   Level  Hunger
a - Pain                  Necr           ###.         1%          1    None
b - Animate Skeleton      Necr           N/A          1%          1    None
c - Vampiric Draining     Necr           ###.......   6%          3    ###....


Dungeon Overview and Level Annotations

Branches:
Dungeon (2/15)

Altars:
Fedhas

Annotations:
D:2 Crazy Yiuf


Innate Abilities, Weirdness & Mutations

You are significantly more attuned to the shadows.


Message History

Confirm with . or Enter, or press ? or * to list all spells.
You don't have enough magic to cast that spell.
Unknown command.
Casting: Vampiric Draining
Confirm with . or Enter, or press ? or * to list all spells.
Aiming: Pain
Press: ? - help, Shift-Dir - straight line, f/p - Crazy Yiuf
Aim: Crazy Yiuf, wielding a quarterstaff of chaos and wearing a glowing cloak (severely wounded, chance to defeat MR: 87%) Crazy Yiuf convulses in agony!
Crazy Yiuf hits you with a quarterstaff of chaos.
You convulse.
Crazy Yiuf says, "Blight ena testudinal!"
Crazy Yiuf hits you with a quarterstaff of chaos!
You suddenly lose the ability to move!
Crazy Yiuf hits you with a quarterstaff of chaos!
* * * LOW HITPOINT WARNING * * *
Crazy Yiuf freezes you.
* * * LOW HITPOINT WARNING * * *
Crazy Yiuf hits you with a quarterstaff of chaos!
You die...

# #.....# #)..# #....#
#######...# #...# ##...#
..........# ... ####...#
.######...# #'# #.##[..#
.# ###...# ♣)♣♣ #..Z#..#
## #....## ♣♣.♣
#.#.#..#### #....# ♣.♣♣
#.#.#..Z..# #....## ♣♣g♣
#.#.##.##.# ###...# ♣♣@♣♣
#.#.##..#.# ##########
♣♣...♣ #....##.#.#
#........# ♣....♣
#....##...# #.########
##..## ##...###..#
#.#......####....####...#
#..###
#.#Z####.#.......#.##...#
#..... #Z#Z#
#.......#.#.##...# ##>###
#.#Z####..####.#.#.##...#
#.#
#Z#......Z#..#.#.#.######
#.#


You could see Crazy Yiuf.

Vanquished Creatures
  Natasha (D:2)
  An adder (D:2)
  An ooze (D:1)
  2 giant geckos
  12 giant cockroaches (D:2)
  2 goblins
  2 hobgoblins
  2 jackals (D:2)
  A quokka (D:2)
  5 bats
  3 kobolds
  8 rats
40 creatures vanquished.

Vanquished Creatures (collateral kills)
  Natasha (D:2)
  A quokka (D:2)
2 creatures vanquished.

Grand Total: 42 creatures vanquished

Notes
Turn   | Place    | Note
--------------------------------------------------------------
     0 | D:1      | Gruud the Demonspawn Necromancer began the quest for the Orb.
     0 | D:1      | Reached XP level 1. HP: 13/13 MP: 3/3
    42 | D:1      | Learned a level 1 spell: Animate Skeleton
   227 | D:1      | Gained mutation: You are slightly more attuned to the shadows. [demonic ancestry]
   227 | D:1      | Reached XP level 2. HP: 16/19 MP: 0/5
   381 | D:1      | You fall through a shaft!
   440 | D:2      | Reached skill level 5 in Necromancy
   625 | D:2      | Found a blossoming altar of Fedhas.
   679 | D:2      | Reached XP level 3. HP: 22/24 MP: 4/6
   786 | D:2      | Learned a level 3 spell: Vampiric Draining
  1071 | D:2      | Noticed Natasha
  1090 | D:2      | Killed Natasha
  1090 | D:2      | Gained mutation: You are significantly more attuned to the shadows. [demonic ancestry]
  1090 | D:2      | Reached XP level 4. HP: 30/30 MP: 1/8
  1226 | D:2      | Noticed Natasha
  1236 | D:2      | Killed Natasha
  1293 | D:2      | Found a runed door.
  1412 | D:2      | Noticed Crazy Yiuf
  1422 | D:2      | Paralysed by Crazy Yiuf for 5 turns
  1425 | D:2      | Slain by Crazy Yiuf

Vault maps used:
D:1:      elethiomel_arrival_maze
D:2:      minmay_roachtagon, minivault_5, fedhas_altar_1,
          uniq_crazy_yiuf_cottage, uniq_natasha

Skill      XL: |  1  2  3 |
---------------+----------+-----
Necromancy     | 5 |  5.8
Spellcasting   | 3 |  3.1
Dodging        | |  1.7
Stealth        | |  1.7

Action                   |  1- 3 |  4- 6 || total
-------------------------+-------+-------++-------
Melee: Spear             |   124 |    31 ||   155
 Cast: Pain              |    25 |     5 ||    30
       Animate Skeleton  |     9 |     4 ||    13
       Vampiric Draining |     1 |     2 ||     3
  Use: Scroll            |     7 |       ||     7
       Potion            |     2 |       ||     2
 Stab: Sleeping          |     3 |     3 ||     6
       Distracted        |     1 |       ||     1
  Eat: Chunk             |     1 |     2 ||     3
Armor: Robe              |    28 |     7 ||    35
       Skin              |    20 |       ||    20
Dodge: Dodged            |    86 |    13 ||    99
